 Dungeon Crawl Stone Soup version 0.29.1-1-gd02db6906a (webtiles) character file.

Game seed: 7919192255234331607

52 LustLizard the Ruffian (level 3, -1/36 HPs)
             Began as a Troll Fighter on Sept 15, 2022.
             Succumbed to a scorpion's poison
             ... on level 2 of the Dungeon.
             The game lasted 00:00:52 (107 turns).

LustLizard the Ruffian (Troll Fighter)               Turns: 107, Time: 00:00:53

Health: -1/36      AC:  4    Str: 24    XL:     3   Next: 60%
Magic:  2/2        EV:  8    Int:  6    God:
Gold:   7          SH:  7    Dex:  9    Spells: 2/2 levels left

rFire   . . .      SeeInvis .     - Unarmed
rCold   . . .      Faith    .   b - +0 kite shield
rNeg    . . .      Spirit   .   a - +0 robe
rPois   .          Reflect  .   (helmet restricted)
rElec   .          Harm     .   (no cloak)
rCorr   .          Rampage  .   (gloves unavailable)
Will    .....                   (boots unavailable)
Stlth   +.........              (no amulet)
HPRegen 0.92/turn               (no ring)
MPRegen 0.08/turn               (no ring)

@: lethally poisoned (-1 -> -6)
A: large, unfitting armour, claws 3, regeneration 1, shaggy fur 1, tough skin 1
a: no special abilities


You were on level 2 of the Dungeon.
You visited 1 branch of the dungeon, and saw 2 of its levels.

You collected 7 gold pieces.

Inventory:

Armour
 a - a +0 robe (worn)
 b - a +0 kite shield (worn)
Potions
 c - a potion of might
 d - a potion of curing {unknown}


   Skills:
 + Level 2.8 Fighting
 - Level 2.4 Dodging
 + Level 3.1 Shields
 * Level 3.1 Unarmed Combat


You had 2 spell levels left.
You didn't know any spells.
Your spell library was empty.

Dungeon Overview and Level Annotations

Branches:
Dungeon (1/15)

Altars:


Innate Abilities, Weirdness & Mutations

You are too large for most types of armour.
You have claws for hands.
Your natural rate of healing is unusually fast.
You are covered in fur. (AC +1)
You have tough skin. (AC +1)


Message History

A sourceless malevolence fills the Dungeon...
You fall into a shaft and drop 1 floor!
The shaft crumbles and collapses.
A scorpion comes into view.
Okay, then.
The scorpion barely misses you.
You scratch the scorpion but do no damage.
The scorpion stings you but does no damage.
You closely miss the scorpion.
The scorpion stings you but does no damage.
You claw the scorpion!
The scorpion is severely wounded.
The scorpion stings you!
You are poisoned.
The scorpion poisons you! The scorpion stings you.
You barely miss the scorpion.
The scorpion is severely wounded.
You feel very sick. The scorpion stings you.
* * * LOW HITPOINT WARNING * * *
You are lethally poisoned!
The scorpion poisons you!
You closely miss the scorpion.
The scorpion is severely wounded.
* * * LOW HITPOINT WARNING * * *
You feel very sick.
The scorpion stings you but does no damage.
Unknown command.
You scratch the scorpion.
You kill the scorpion!
* * * LOW HITPOINT WARNING * * *
You feel very sick.
Your Shields skill increases to level 3!
Your Unarmed Combat skill increases to level 3!
You have reached level 2!
You have reached level 3!
Your experience leads to an increase in your attributes!
Increase (S)trength, (I)ntelligence, or (D)exterity?
You feel clever. x2; You feel stronger.
You die...

##### ### #...#
.. #.#.# #.
#.#.#
#.########.#.#
#..........#.#
#...##########@#
###. #.# #. #.#
#. #.# #. #.# #.
#.# .. #.# #.#


There were no monsters in sight!

Vanquished Creatures
  A scorpion (D:2)
1 creature vanquished.

Notes
Turn   | Place    | Note
-------+----------+-------------------------------------------
     0 | D:1      | LustLizard the Troll Fighter began the quest for the Orb.
     0 | D:1      | Reached XP level 1. HP: 22/22 MP: 0/0
    80 | D:1      | You fall into a shaft and drop 1 floor!
    97 | D:2      | Noticed a scorpion
   106 | D:2      | Killed a scorpion
   106 | D:2      | HP: 1/22 [poisoned by a scorpion]
   107 | D:2      | Reached XP level 2. HP: 1/29 MP: 1/1
   107 | D:2      | Reached XP level 3. HP: 2/36 MP: 2/2
   107 | D:2      | Succumbed to a scorpion's poison

Illustrated notes

Levels and vault maps discovered:
D:1:      dpeg_arrival_windows_large_door, layout_basic,
          chequers_ecumenical_altar_lobes, hangedman_decor_points,
          minmay_misc_feat_four_crosses, minmay_close_crescents
D:2:      layout_basic, uniq_terence

Skill      XL: |  1 |
---------------+----+-----
Shields        | 3 |  3.1
Unarmed Combat | 3 |  3.1
Fighting       | |  2.8
Dodging        | |  2.4

Action                   || total
-------------------------++-------
Melee: Unarmed           ||     6
Armor: Robe              ||     3
Dodge: Dodged            ||     1
